| TOP OF THE 1ST |
|
Wichita Aeros batting - Pitching for Oklahoma City 89ers : RHP Mike Mendoza
|
|
Pitching: RHP Mike Mendoza
|
|
|
Batting: LHB Jesus Ramos
|
0-0: Ball 1-0: Foul Ball, location: 2F 1-1: Ball 2-1: Foul Ball, location: 2F 2-2: Strikes out looking
|
|
Batting: RHB Greg Cypret
|
0-0: Ball 1-0: Called Strike 1-1: Ball 2-1: Ground out U3 (Groundball, 3, EV 105.0 MPH)
|
|
Batting: RHB Cressy Pratt
|
0-0: Ball 1-0: Ball 2-0: Swinging Strike 2-1: Ball 3-1: Base on Balls
|
|
Batting: LHB Omar Guerrero
|
0-0: Called Strike 0-1: Ball 1-1: Fly out, F8 (Flyball, 78D, EV 101.9 MPH)
|
| Top of the 1st over - 0 runs, 0 hits, 0 errors, 1 left on base; Wichita 0 - Oklahoma City 0 |
| BOTTOM OF THE 1ST |
|
Oklahoma City 89ers batting - Pitching for Wichita Aeros : LHP Darrell Jackson
|
|
Pitching: LHP Darrell Jackson
|
|
|
Batting: RHB James Glenn
|
0-0: Foul Ball, location: 2F 0-1: Ball 1-1: Foul Ball, location: 2F 1-2: Ball 2-2: SINGLE (Groundball, 6D, EV 110.6 MPH)
|
|
Batting: RHB Richard Howard
|
0-0: Ball Wild Pitch! James Glenn to second 1-0: Called Strike 1-1: Ball 2-1: Ball 3-1: Base on Balls
|
|
Batting: RHB John Christensen
|
0-0: Ball 1-0: Called Strike James Glenn steals 3rd base (no throw) 1-1: Fly out, F8 (Flyball, 8RD, EV 89.4 MPH) Runner from 3rd tags up, SCORES, throw by CF
|
|
Batting: RHB Cecil Fielder
|
0-0: Ball 1-0: Foul Ball, location: 2F 1-1: Ball 2-1: Foul Ball, location: 2F 2-2: Foul Ball, location: 2F 2-2: Ball 3-2: Foul Ball, location: 2F 3-2: Base on Balls Richard Howard to second
|
|
Batting: LHB Tom O'Malley
|
0-0: Ball 1-0: Foul Ball, location: 2F 1-1: Swinging Strike 1-2: Ball 2-2: Strikes out looking
|
|
Batting: RHB Tim Tolman
|
0-0: Ball 1-0: Ball 2-0: Foul Ball, location: 2F 2-1: Ball 3-1: Ground out U3 (Groundball, 3D, EV 82.5 MPH)
|
| Bottom of the 1st over - 1 run, 1 hit, 0 errors, 2 left on base; Wichita 0 - Oklahoma City 1 |
| TOP OF THE 2ND |
|
Wichita Aeros batting - Pitching for Oklahoma City 89ers : RHP Mike Mendoza
|
|
Batting: LHB Michael Barnes
|
0-0: Ball 1-0: Called Strike 1-1: Foul Ball, location: 2F 1-2: Ball 2-2: Foul Ball, location: 2F 2-2: Strikes out looking
|
|
Batting: LHB Glenn Gulliver
|
0-0: Ground out 2-3 (Groundball, 2L, EV 63.1 MPH)
|
|
Batting: SHB Gary Pettis
|
0-0: Ball 1-0: Ball 2-0: Ball 3-0: Called Strike 3-1: Foul Ball, location: 2F 3-2: Strikes out swinging
|
| Top of the 2nd over - 0 runs, 0 hits, 0 errors, 0 left on base; Wichita 0 - Oklahoma City 1 |
| BOTTOM OF THE 2ND |
|
Oklahoma City 89ers batting - Pitching for Wichita Aeros : LHP Darrell Jackson
|
|
Pitching: RHP Jeff Heathcock
|
|
|
Batting: RHB Nick Esasky
|
0-0: Foul Ball, location: 2F 0-1: Ball 1-1: Ball 2-1: Ground out 6-3 (Groundball, 56, EV 83.1 MPH)
|
|
Batting: RHB Danny Jasso
|
0-0: Fly out, F9 (Flyball, 9D, EV 106.3 MPH)
|
|
Batting: RHB Ron Tingley
|
0-0: Called Strike 0-1: Ball 1-1: Foul Ball, location: 2F 1-2: Strikes out looking
|
| Bottom of the 2nd over - 0 runs, 0 hits, 0 errors, 0 left on base; Wichita 0 - Oklahoma City 1 |
| TOP OF THE 3RD |
|
Wichita Aeros batting - Pitching for Oklahoma City 89ers : RHP Mike Mendoza
|
|
Batting: RHB Gary House
|
0-0: Ball 1-0: Ball 2-0: Foul Ball, location: 2F 2-1: Ball 3-1: Foul Ball, location: 2F 3-2: Hit by Pitch
|
|
Batting: RHB Bill Hayes
|
0-0: Ball 1-0: Ball 2-0: Ball Wild Pitch! Gary House to second 3-0: Base on Balls
|
|
Batting: LHB Jesus Ramos
|
0-0: SINGLE (Groundball, 5D, EV 109.4 MPH) Gary House to third Bill Hayes to second Runner from 3rd tries for Home, SAFE, throw by LF to home
|
|
Batting: RHB Greg Cypret
|
0-0: Ball 1-0: Ball 2-0: Fly out, F8 (Flyball, 8LD, EV 108.8 MPH) Runner from 2nd tags up, SAFE at 3rd with throw by CF
|
|
Batting: RHB Cressy Pratt
|
0-0: Called Strike 0-1: Ball 1-1: Called Strike 1-2: Foul Ball, location: 2F 1-2: Strikes out looking
|
|
Batting: LHB Omar Guerrero
|
0-0: Called Strike 0-1: Foul Ball, location: 2F 0-2: Strikes out swinging
|
| Top of the 3rd over - 1 run, 1 hit, 0 errors, 2 left on base; Wichita 1 - Oklahoma City 1 |
| BOTTOM OF THE 3RD |
|
Oklahoma City 89ers batting - Pitching for Wichita Aeros : RHP Jeff Heathcock
|
|
Batting: RHB James Glenn
|
0-0: Called Strike 0-1: Ball 1-1: Ball 2-1: Swinging Strike 2-2: Ball 3-2: Strikes out swinging
|
|
Batting: RHB Richard Howard
|
0-0: Ground out 1-3 (Groundball, 13, EV 67.5 MPH)
|
|
Batting: RHB John Christensen
|
0-0: Ball 1-0: Ball 2-0: Called Strike 2-1: Ball 3-1: SINGLE (Flyball, 78S, EV 86.3 MPH)
|
|
Batting: RHB Cecil Fielder
|
0-0: Fielders Choice at 2nd, 5-4 (Groundball, 56, EV 85.0 MPH)
|
| Bottom of the 3rd over - 0 runs, 1 hit, 0 errors, 1 left on base; Wichita 1 - Oklahoma City 1 |
| TOP OF THE 4TH |
|
Wichita Aeros batting - Pitching for Oklahoma City 89ers : RHP Mike Mendoza
|
|
Batting: LHB Michael Barnes
|
0-0: Ball 1-0: Called Strike 1-1: Foul Ball, location: 2F 1-2: Foul Ball, location: 2F 1-2: Ball 2-2: Foul Ball, location: 2F 2-2: Ground out U3 (Groundball, 34S, EV 84.4 MPH)
|
|
Batting: LHB Glenn Gulliver
|
0-0: Foul Ball, location: 2F 0-1: Ball 1-1: Fly out, F6 (Popup, 6MD, EV 51.9 MPH)
|
|
Batting: SHB Gary Pettis
|
0-0: Ball 1-0: Called Strike 1-1: Ball 2-1: Swinging Strike 2-2: Strikes out swinging
|
| Top of the 4th over - 0 runs, 0 hits, 0 errors, 0 left on base; Wichita 1 - Oklahoma City 1 |
| BOTTOM OF THE 4TH |
|
Oklahoma City 89ers batting - Pitching for Wichita Aeros : RHP Jeff Heathcock
|
|
Batting: LHB Tom O'Malley
|
0-0: Called Strike 0-1: DOUBLE (Groundball, 5L, EV 109.4 MPH)
|
|
Batting: RHB Tim Tolman
|
0-0: Foul Ball, location: 2F 0-1: Fly out, F8 (Flyball, 8LM, EV 95.0 MPH)
|
|
Batting: RHB Nick Esasky
|
0-0: Ball 1-0: Fly out, F6 (Line Drive, 6, EV 70.0 MPH)
|
|
Batting: RHB Danny Jasso
|
0-0: Ball 1-0: Ball 2-0: Called Strike 2-1: SINGLE (Line Drive, 34D, EV 110.0 MPH) Tom O'Malley to third Runner from 3rd tries for Home, SAFE, throw by RF to home
|
|
Batting: RHB Ron Tingley
|
0-0: Ball 1-0: Ball Danny Jasso steals 2nd base 2-0: Ball 3-0: Called Strike 3-1: Swinging Strike 3-2: Ground out 5-3 (Groundball, 5, EV 86.3 MPH)
|
| Bottom of the 4th over - 1 run, 2 hits, 0 errors, 1 left on base; Wichita 1 - Oklahoma City 2 |
| TOP OF THE 5TH |
|
Wichita Aeros batting - Pitching for Oklahoma City 89ers : RHP Mike Mendoza
|
|
Batting: RHB Gary House
|
0-0: Ball 1-0: Ball 2-0: Ball 3-0: Called Strike 3-1: Base on Balls
|
|
Batting: RHB Bill Hayes
|
0-0: Sac Bunt to 15S - play at first, batter OUT! 1-3 Gary House to second
|
|
Batting: LHB Jesus Ramos
|
0-0: Ball 1-0: Called Strike 1-1: Swinging Strike 1-2: Foul Ball, location: 2F 1-2: Ball 2-2: Ball 3-2: Base on Balls
|
|
Batting: RHB Greg Cypret
|
0-0: Ball 1-0: Grounds into double play, 6-4-3 (Groundball, 6, EV 82.5 MPH)
|
| Top of the 5th over - 0 runs, 0 hits, 0 errors, 1 left on base; Wichita 1 - Oklahoma City 2 |
| BOTTOM OF THE 5TH |
|
Oklahoma City 89ers batting - Pitching for Wichita Aeros : RHP Jeff Heathcock
|
|
Batting: RHB James Glenn
|
0-0: Ground out 5-3 (Groundball, 5S, EV 63.8 MPH)
|
|
Batting: RHB Richard Howard
|
0-0: Called Strike 0-1: Ball 1-1: Ball 2-1: Foul Ball, location: 2F 2-2: Fly out, F3 (Popup, 3S, EV 78.8 MPH)
|
|
Batting: RHB John Christensen
|
0-0: Called Strike 0-1: Ball 1-1: Ball 2-1: Foul Ball, location: 2F 2-2: Fly out, F8 (Flyball, 8LD, EV 103.8 MPH)
|
| Bottom of the 5th over - 0 runs, 0 hits, 0 errors, 0 left on base; Wichita 1 - Oklahoma City 2 |
| TOP OF THE 6TH |
|
Wichita Aeros batting - Pitching for Oklahoma City 89ers : RHP Mike Mendoza
|
|
Batting: RHB Cressy Pratt
|
0-0: Ground out 6-3 (Groundball, P, EV 82.5 MPH)
|
|
Batting: LHB Omar Guerrero
|
0-0: Ball 1-0: Called Strike 1-1: Ground out 4-3 (Groundball, 4, EV 89.4 MPH)
|
|
Batting: LHB Michael Barnes
|
0-0: Called Strike 0-1: Ball 1-1: Ball 2-1: Foul Ball, location: 2F 2-2: Foul Ball, location: 2F 2-2: Ball 3-2: Ground out 4-3 (Groundball, 4, EV 89.4 MPH)
|
| Top of the 6th over - 0 runs, 0 hits, 0 errors, 0 left on base; Wichita 1 - Oklahoma City 2 |
| BOTTOM OF THE 6TH |
|
Oklahoma City 89ers batting - Pitching for Wichita Aeros : RHP Jeff Heathcock
|
|
Batting: RHB Cecil Fielder
|
0-0: Fly out, F9 (Flyball, 9LS, EV 93.1 MPH)
|
|
Batting: LHB Tom O'Malley
|
0-0: Ball 1-0: Ball 2-0: Ball 3-0: Called Strike 3-1: Called Strike 3-2: Base on Balls
|
|
Batting: RHB Tim Tolman
|
0-0: Ball 1-0: SINGLE (Flyball, 89S, EV 95.6 MPH) Tom O'Malley to second Runner from 2nd tries for 3rd, SAFE, no throw by RF
|
|
Batting: RHB Nick Esasky
|
0-0: Ball 1-0: Foul Ball, location: 2F 1-1: Ball 2-1: Called Strike 2-2: Ball 3-2: DOUBLE (Line Drive, 9LD, EV 103.1 MPH) Tom O'Malley scores Tim Tolman to third
|
|
Pitching: RHP Michael Britt
|
|
|
Batting: RHB Danny Jasso
|
0-0: Called Strike 0-1: Ball 1-1: Ball 2-1: Ball 3-1: DOUBLE (Line Drive, 9LS, EV 103.8 MPH) Tim Tolman scores Nick Esasky scores
|
|
Batting: RHB Ron Tingley
|
0-0: Ball 1-0: Swinging Strike 1-1: Ground out 1-3 (Groundball, 13, EV 60.0 MPH) Danny Jasso to third
|
|
Batting: RHB James Glenn
|
0-0: Ball 1-0: Ball 2-0: Ball 3-0: Called Strike 3-1: Swinging Strike 3-2: Foul Ball, location: 2F 3-2: Base on Balls
|
|
Batting: RHB Richard Howard
|
0-0: Ball Wild Pitch! Danny Jasso scores James Glenn to second 1-0: Ball 2-0: Foul Ball, location: 2F 2-1: Ground out 4-3 (Groundball, 34, EV 107.5 MPH)
|
| Bottom of the 6th over - 4 runs, 3 hits, 0 errors, 1 left on base; Wichita 1 - Oklahoma City 6 |
| TOP OF THE 7TH |
|
Wichita Aeros batting - Pitching for Oklahoma City 89ers : RHP Mike Mendoza
|
|
Batting: LHB Glenn Gulliver
|
0-0: Ball 1-0: Ball 2-0: Ball 3-0: Called Strike 3-1: Base on Balls
|
|
Batting: SHB Gary Pettis
|
0-0: Ball Glenn Gulliver is caught stealing 2nd base 2-6 1-0: Called Strike 1-1: Ball 2-1: Swinging Strike 2-2: Fly out, F9 (Flyball, 9LM, EV 95.0 MPH)
|
|
Batting: RHB Gary House
|
0-0: Ball 1-0: Called Strike 1-1: Ball 2-1: Foul Ball, location: 2F 2-2: Strikes out swinging
|
| Top of the 7th over - 0 runs, 0 hits, 0 errors, 0 left on base; Wichita 1 - Oklahoma City 6 |
| BOTTOM OF THE 7TH |
|
Oklahoma City 89ers batting - Pitching for Wichita Aeros : RHP Michael Britt
|
|
Batting: RHB John Christensen
|
0-0: Ball 1-0: SINGLE (Line Drive, 9LS, EV 101.3 MPH)
|
|
Batting: RHB Cecil Fielder
|
0-0: Called Strike 0-1: Ball 1-1: Grounds into double play, 4-6-3 (Groundball, 4, EV 91.3 MPH)
|
|
Batting: LHB Tom O'Malley
|
0-0: Called Strike 0-1: Swinging Strike 0-2: Ball 1-2: Strikes out looking
|
| Bottom of the 7th over - 0 runs, 1 hit, 0 errors, 0 left on base; Wichita 1 - Oklahoma City 6 |
| TOP OF THE 8TH |
|
Wichita Aeros batting - Pitching for Oklahoma City 89ers : RHP Mike Mendoza
|
|
Batting: RHB Bill Hayes
|
0-0: Ball 1-0: Ball 2-0: Ball 3-0: Base on Balls
|
|
Batting: LHB Jesus Ramos
|
0-0: Grounds out, U3 (Groundball, 3L, EV 96.3 MPH)
|
|
Batting: RHB Greg Cypret
|
0-0: Called Strike 0-1: Ball 1-1: Ground out 5-3 (Groundball, 56S, EV 81.3 MPH)
|
|
Batting: RHB Cressy Pratt
|
0-0: Ball 1-0: Ground out 5-3 (Groundball, 56S, EV 68.1 MPH)
|
| Top of the 8th over - 0 runs, 0 hits, 0 errors, 1 left on base; Wichita 1 - Oklahoma City 6 |
| BOTTOM OF THE 8TH |
|
Oklahoma City 89ers batting - Pitching for Wichita Aeros : RHP Michael Britt
|
|
Batting: RHB Tim Tolman
|
0-0: Called Strike 0-1: Ball 1-1: Swinging Strike 1-2: Ball 2-2: Ball 3-2: Ground out 4-3 (Groundball, 4M, EV 82.5 MPH)
|
|
Batting: RHB Nick Esasky
|
0-0: SINGLE (Flyball, 56D, EV 85.6 MPH)
|
|
Batting: RHB Danny Jasso
|
0-0: Ball 1-0: Ball 2-0: Ball Wild Pitch! Nick Esasky to second 3-0: SINGLE (Line Drive, 78S, EV 89.4 MPH) Nick Esasky to third Runner from 3rd tries for Home, SAFE, throw by LF to home
|
|
Batting: RHB Ron Tingley
|
0-0: Ball 1-0: Swinging Strike 1-1: Ball 2-1: Called Strike 2-2: Fielders Choice at 2nd, 4-6 (Groundball, 4S, EV 90.6 MPH)
|
|
Batting: RHB James Glenn
|
0-0: SINGLE (Groundball, 25, EV 65.6 MPH) (infield hit) Ron Tingley to second
|
|
Batting: RHB Richard Howard
|
0-0: Ball 1-0: Foul Ball, location: 2F 1-1: Ground out 5-3 (Groundball, 56S, EV 75.6 MPH)
|
| Bottom of the 8th over - 1 run, 3 hits, 0 errors, 2 left on base; Wichita 1 - Oklahoma City 7 |
| TOP OF THE 9TH |
|
Wichita Aeros batting - Pitching for Oklahoma City 89ers : RHP Mike Mendoza
|
|
Batting: LHB Omar Guerrero
|
0-0: Ground out 5-3 (Groundball, 56, EV 85.0 MPH)
|
|
Batting: LHB Michael Barnes
|
0-0: Swinging Strike 0-1: Called Strike 0-2: Ball 1-2: Strikes out swinging
|
|
Batting: LHB Glenn Gulliver
|
0-0: Called Strike 0-1: Ball 1-1: Foul Ball, location: 2F 1-2: SOLO HOME RUN (Flyball, 9D, EV 102.5 MPH), Distance : 376 ft
|
|
Batting: SHB Gary Pettis
|
0-0: Ground out 4-3 (Groundball, 4, EV 88.1 MPH)
|
| Top of the 9th over - 1 run, 1 hit, 0 errors, 0 left on base; Wichita 2 - Oklahoma City 7 |
|